 Dungeon Crawl Stone Soup version 0.29.1-2-gbd0b4ee654 (webtiles) character file.

Game seed: 6659391926381189801

1903 qeuew the Ducker (level 9, 0/68 HPs)
             Began as a Merfolk Gladiator on Nov 10, 2022.
             Slain by a gnoll
             ... wielding a +0 spear
             ... led by a gnoll sergeant
              (6 damage)
             ... on level 6 of the Dungeon.
             The game lasted 00:06:21 (6277 turns).

qeuew the Ducker (Merfolk Gladiator)                Turns: 6277, Time: 00:06:21

Health: 0/68       AC:  9    Str: 18      XL:     9   Next: 15%
Magic:  9/9        EV: 14    Int:  7      God:
Gold:   228        SH:  5    Dex: 15 (16) Spells: 8/8 levels left

rFire   + . .      SeeInvis .   i - +1 trident (venom)
rCold   . . .      Faith    .   h - +0 buckler
rNeg    . . .      Spirit   .   s - +0 ring mail
rPois   .          Reflect  .   c - +0 helmet
rElec   .          Harm     .   n - +1 cloak {Will+}
rCorr   .          Rampage  .   (no gloves)
Will    +....                   (no boots)
Stlth   +.........              (no amulet)
HPRegen 0.21/turn               k - ring of protection from fire
MPRegen 0.11/turn               (no ring)

@: no status effects
A: (nimble swimmer 2), mertail
a: no special abilities


You were on level 6 of the Dungeon.
You visited 1 branch of the dungeon, and saw 6 of its levels.

You collected 228 gold pieces.

Inventory:

Hand Weapons
 i - a +1 trident of venom (weapon)
Missiles
 d - a throwing net (quivered)
 e - a javelin
 j - 4 silver javelins
Armour
 c - a +0 helmet (worn)
 h - a +0 buckler (worn)
 n - a +1 cloak of willpower (worn)
 s - a +0 ring mail (worn)
Jewellery
 f - a ring of flight
 k - a ring of protection from fire (left hand)
Wands
 o - a wand of flame (25)
 p - a wand of quicksilver (2)
Scrolls
 b - 2 scrolls of teleportation
 g - a scroll of enchant armour
 l - a scroll of identify
 q - a scroll of fear


   Skills:
 + Level 5.5 Fighting
 + Level 7.3 Polearms
 + Level 5.1 Throwing
 + Level 3.3 Armour
 + Level 7.4 Dodging
 + Level 4.4 Shields


You had 8 spell levels left.
You didn't know any spells.
Your spell library contained the following spells:

 Spells                   Type           Power      Damage    Failure   Level
 Foxfire                  Conj/Fire      0%         2x1d4     71%         1
 Summon Small Mammal      Summ           0%         N/A       71%         1
 Ensorcelled Hibernation  Hex/Ice        0%         N/A       85%         2
 Passwall                 Tmut/Erth      0%         N/A       85%         2
 Call Canine Familiar     Summ           0%         N/A       97%         3
 Conjure Flame            Conj/Fire      0%         6-21      97%         3
 Gell's Gravitas          Tloc           0%         N/A       97%         3
 Inner Flame              Hex/Fire       0%         N/A       97%         3
 Portal Projectile        Hex/Tloc       0%         N/A       97%         3
 Summon Guardian Golem    Hex/Summ       0%         N/A       97%         3
 Swiftness                Air            0%         N/A       97%         3
 Teleport Other           Tloc           0%         N/A       97%         3
 Tukima's Dance           Hex            0%         N/A       97%         3
 Flame Wave               Conj/Fire      0%         2d4       100%        4
 Blade Hands              Tmut           0%         N/A       100%        5
 Dispersal                Tloc           0%         N/A       100%        6


Dungeon Overview and Level Annotations

Branches:
Dungeon (6/15)
 Temple: D:4-7

Altars:
Cheibriados
Nemelex Xobeh
Vehumet


Innate Abilities, Weirdness & Mutations

((You are very nimble when in or above water. (Stealth+, EV+, Speed+++)))
Your lower body shifts to a powerful aquatic tail in water.


Message History

The throwing net hits the gnoll sergeant.
The gnoll sergeant is caught in the net!
The gnoll sergeant struggles against the net.
You kill the gnoll!
The gnoll sergeant struggles against the net.
You block the gnoll's attack.
You catch the helpless gnoll sergeant completely off-guard!
You puncture the gnoll sergeant!
The gnoll sergeant is moderately wounded.
The gnoll sergeant struggles against the net.
The gnoll misses you.
You strike the helpless gnoll sergeant from behind!
You hit the gnoll sergeant but do no damage.
The gnoll sergeant is poisoned.
The gnoll sergeant is moderately wounded.
The gnoll sergeant struggles against the net.
The gnoll hits you from afar with a +0 spear.
* * * LOW HITPOINT WARNING * * *
You catch the helpless gnoll sergeant completely off-guard!
You hit the gnoll sergeant.
The gnoll sergeant is moderately wounded.
You hit the gnoll sergeant but do no damage.
The gnoll sergeant is heavily wounded.
The gnoll sergeant struggles against the net.
The gnoll hits you but does no damage.
You hit the gnoll sergeant.
The gnoll sergeant looks as sick as possible!
The gnoll sergeant is severely wounded.
The gnoll sergeant struggles against the net.
The net rips apart, and the gnoll sergeant comes free!
The gnoll hits you but does no damage.
You hit the gnoll sergeant.
The gnoll sergeant is severely wounded.
The gnoll sergeant hits you with a +0 spear!
* * * LOW HITPOINT WARNING * * *
The gnoll misses you.
You hit the gnoll sergeant.
You kill the gnoll sergeant!
The gnoll hits you from afar with a +0 spear.
You die...

###### ... ....# .... ....##
..... .#..## .....##....####
### ..#.#....... ..#
#(#.....# #.#
#..†.###########.#
#.).)g)@.......>.#
#..)..)####...##..#
#......#####...##..#
....................)#######
.........#####...##..)......
.##......# ######.########
#.#...... #.# # .#.#....#
#.# # #.# #


You could see a gnoll.

Vanquished Creatures
  Grinder (D:3)
  Sigmund (D:2)
  A water moccasin (D:4)
  A black bear (D:5)
  An ogre (D:5)
  A phantom (D:5)
  A gnoll sergeant (D:6)
  2 scorpions (D:5)
  2 necrophages
  6 killer bees (D:5)
  4 orc priests
  Crazy Yiuf (D:2)
  5 hounds
  A gnoll bouda (D:3)
  2 iguanas
  9 gnolls
  10 adders
  A river rat (D:4)
  5 worms
  9 dart slugs
  8 orcs
  9 ball pythons
  7 bats
  5 endoplasms
  3 giant cockroaches (D:1)
  8 goblins
  6 hobgoblins
  5 quokkas
  9 kobolds
  8 rats
132 creatures vanquished.

Notes
Turn   | Place    | Note
-------+----------+-------------------------------------------
     0 | D:1      | qeuew the Merfolk Gladiator began the quest for the Orb.
     0 | D:1      | Reached XP level 1. HP: 16/16 MP: 1/1
    34 | D:1      | Reached XP level 2. HP: 9/23 MP: 2/2
   351 | D:1      | Found a faded altar of an unknown god.
   476 | D:1      | Reached XP level 3. HP: 28/28 MP: 3/3
  1149 | D:2      | Noticed Sigmund
  1167 | D:2      | Killed Sigmund
  1168 | D:2      | Reached skill level 5 in Polearms
  1168 | D:2      | Reached skill level 1 in Armour
  1168 | D:2      | Reached skill level 5 in Dodging
  1168 | D:2      | Reached skill level 1 in Shields
  1168 | D:2      | Reached XP level 4. HP: 20/35 MP: 4/4
  1168 | D:2      | Reached XP level 5. HP: 23/41 MP: 5/5
  1500 | D:2      | Reached XP level 6. HP: 47/47 MP: 6/6
  1766 | D:2      | Found a runed translucent door.
  1767 | D:2      | Noticed Crazy Yiuf
  1895 | D:2      | Killed Crazy Yiuf
  2190 | D:3      | Noticed Grinder
  2215 | D:3      | Killed Grinder
  2216 | D:3      | Reached XP level 7. HP: 33/53 MP: 7/7
  2466 | D:3      | Found a radiant altar of Vehumet.
  3504 | D:4      | Reached XP level 8. HP: 31/61 MP: 8/8
  4532 | D:5      | Entered Level 5 of the Dungeon
  5029 | D:5      | Found a sparkling altar of Nemelex Xobeh.
  5034 | D:5      | Reached skill level 5 in Fighting
  5199 | D:5      | Found a snail-covered altar of Cheibriados.
  5597 | D:5      | Reached skill level 5 in Throwing
  5597 | D:5      | Reached XP level 9. HP: 62/68 MP: 9/9
  6277 | D:6      | Slain by a gnoll

Illustrated notes

Levels and vault maps discovered:
D:1:      minmay_arrival_three_doors, layout_basic,
          hellmonk_ecumenical_altar_prayer_group
D:2:      layout_basic, uniq_sigmund, uniq_crazy_yiuf_cottage
D:3:      layout_loops_cross, mainiacjoe_overflow_catwalk,
          minmay_misc_feat_plants, uniq_grinder
D:4:      layout_basic, lightli_sewer_entry_pipes
D:5:      layout_loops_corners, nicolae_overflow_hidden_temple,
          mainiacjoe_overflow_alcove_1
D:6:      layout_basic, minmay_temple_entry_butterflies,
          minmay_misc_feat_secret_circle, lemuel_flamethrower_1

Skill      XL: |  1  2  3  4  5  6  7  8 |
---------------+-------------------------+-----
Fighting       | 3 4 5 |  5.5
Polearms       | 5 6 7 |  7.3
Throwing       | 3 4 5 |  5.1
Armour         | 1 2 3 |  3.3
Dodging        | 5 6 7 |  7.4
Shields        | 1 2 3 4 |  4.4

Action                   |  1- 3 |  4- 6 |  7- 9 || total
-------------------------+-------+-------+-------++-------
Melee: Trident           |   133 |    74 |   278 ||   485
       Tailslap          |       |       |     2 ||     2
Throw: Throwing net      |       |     1 |     1 ||     2
  Use: Potion            |     2 |       |     7 ||     9
       Scroll            |     1 |     3 |     4 ||     8
 Stab: Sleeping          |     4 |     1 |     5 ||    10
       Held in net/web   |       |       |     3 ||     3
Armor: Leather armour    |    30 |    13 |    34 ||    77
       Ring mail         |       |       |    42 ||    42
Dodge: Dodged            |    55 |    29 |   204 ||   288
Block: Buckler           |    12 |     5 |    59 ||    76
